 Dungeon Crawl Stone Soup version 0.20.1-1-g8b1a95d (webtiles) character file.

8738 mmigdal the Carver (level 11, -2/84 HPs)
             Began as a Demonspawn Abyssal Knight on Oct 31, 2017.
             Was a Priest of Lugonu.
             Slain by a death yak (23 damage)
             ... on level 1 of the Lair of Beasts on Nov 1, 2017.
             The game lasted 01:44:13 (12943 turns).

mmigdal the Carver (Demonspawn Abyssal Knight)     Turns: 12943, Time: 01:44:14

Health: -2/84      AC: 14    Str: 16    XL:     11   Next: 13%
Magic:  15/15      EV: 19    Int: 14    God:    Lugonu [***...]
Gold:   742        SH:  5    Dex: 20    Spells: 13/16 levels left

rFire    . . .     SeeInvis .   a - +1 falchion
rCold    + . .     Gourm    .   L - +0 buckler
rNeg     . . .     Faith    .   Y - +1 ring mail {rC+}
rPois    +         Spirit   .   Q - +1 hat
rElec    .         Reflect  .   p - +2 cloak
rCorr    +         Harm     .   h - +0 pair of gloves of Resourcefulness {Dex+3}
MR       +....                  (boots unavailable)
Stlth    +++.......             J - amulet of regeneration
Regen    0.7/turn               U - ring of protection from magic
MPRegen  0.2/turn               u - ring of resist corrosion

@: agile
A: talons 3, slimy green scales 3, deformed body, mutation resistance 1, powered
by pain 3
a: Depart the Abyss, Bend Space, Banish, Renounce Religion


You were on level 1 of the Lair of Beasts.
You worshipped Lugonu.
Lugonu was most pleased with you.
You were not hungry.

You visited 2 branches of the dungeon, and saw 10 of its levels.
You visited the Abyss 1 time.
You also visited: Sewer.

You collected 742 gold pieces.

Inventory:

Hand Weapons
 a - a +1 falchion (weapon)
 y - a +0 hunting sling
 W - a +0 blowgun
Missiles
 j - 116 sling bullets
 P - 54 poisoned needles
Armour
 h - the +0 pair of gloves of Resourcefulness (worn) {Dex+3}
   (You found it on level 2 of the Abyss)

   It affects your dexterity (+3).
 p - a +2 cloak (worn)
 L - a +0 buckler (worn)
 Q - a +1 hat (worn)
 Y - a +1 ring mail of cold resistance (worn)
Jewellery
 i - an uncursed ring of protection from fire
 u - a ring of resist corrosion (right hand)
 A - an uncursed ring of positive energy
 B - an uncursed ring of protection from magic
 J - an amulet of regeneration (around neck)
 U - a ring of protection from magic (left hand)
Wands
 o - a wand of enslavement (4/24)
 E - a wand of iceblast (3/15)
 K - a wand of iceblast (8/15)
 O - a wand of polymorph (13/24)
 V - a wand of lightning (11/15)
 Z - a wand of random effects (17/48)
Scrolls
 d - 3 scrolls of teleportation
 f - a scroll of torment {unknown}
 g - a scroll of summoning {unknown}
 l - 2 scrolls of fear
 q - a scroll of remove curse
 t - a scroll of blinking {unknown}
 w - a scroll of magic mapping
 x - a scroll of noise {unknown}
 C - a scroll of random uselessness {unknown}
 D - 2 scrolls of recharging
 N - a scroll of immolation
 S - 2 scrolls of amnesia
 X - a scroll of brand weapon {unknown}
Potions
 b - 3 potions of brilliance
 e - 2 potions of magic
 k - a potion of lignification {unknown}
 r - 3 potions of curing
 s - 2 potions of haste
 v - 3 potions of might
 z - a potion of resistance
 G - 2 potions of flight {unknown}
 I - 2 potions of agility
 M - 2 potions of invisibility
 T - a potion of ambrosia {unknown}
Books
 R - a book of Changes

   Spells                             Type                      Level
   a - Beastly Appendage              Transmutation                1
   b - Sticks to Snakes               Transmutation                2
   c - Spider Form                    Transmutation/Poison         3
   d - Ice Form                       Ice/Transmutation            4
   e - Blade Hands                    Transmutation                5
Comestibles
 c - 2 bread rations
 m - 5 meat rations
 n - 10 fruits


   Skills:
 + Level 7.1 Fighting
 + Level 9.4 Long Blades
 + Level 3.6(4.1) Slings
 + Level 2.5(3.5) Throwing
 + Level 6.0 Armour
 + Level 5.0 Dodging
 + Level 2.2 Stealth
 + Level 3.2 Shields
 + Level 3.2 Spellcasting
 + Level 2.3 Conjurations
 + Level 2.1 Air Magic
 + Level 1.6 Poison Magic
 + Level 4.5 Invocations


You had 13 spell levels left.
You knew the following spells:

 Your Spells              Type           Power        Failure   Level  Hunger
a - Magic Dart            Conj           #...         16%         1    #......
b - Poisonous Vapours     Pois/Air       #.....       28%         2    ##.....


Dungeon Overview and Level Annotations

Branches:
Dungeon (8/15)             Temple (0/1) D:7            Lair (2/6) D:8
  Swamp: Lair:2-4    Shoals: Lair:2-4     Snake: Lair:2-4    Spider: Lair:2-4

Altars:
Ashenzari
Dithmenos
Elyvilon
Fedhas
Kikubaaqudgha
Makhleb
Nemelex Xobeh
Ru
Sif Muna
Vehumet
Zin

Shops:
D:7 (   D:8 (

Annotations:
Lair:1 corrupted


Innate Abilities, Weirdness & Mutations

You have claws for feet.
You are completely covered in slimy green scales. (AC +4, rPois)
You are powered by pain.
Armour fits poorly on your strangely shaped body.
You are somewhat resistant to further mutation.


Message History

The death yak closely misses you.
You slash the death yak!
You claw the death yak, but do no damage.
The death yak is severely wounded.
You slash the death yak!
The death yak is severely wounded.
You block the death yak's attack.
You slash the death yak! Your kick misses the death yak.
The death yak is almost dead.
You feel a little less mighty now. The death yak gores you!
You focus on the pain.
You feel agile all of a sudden.
You hit the death yak. You claw the death yak.
The death yak is almost dead.
The death yak gores you!!
* * * LOW HITPOINT WARNING * * *
You hit the death yak but do no damage.
The death yak is almost dead.
The death yak gores you!!
You die...

...P#### ###.........##
###
##.....########........#
#####....#.#.###......##
.###...##.....###......#
.......#####....#......##
# ......P# ###.....#....#
# ......## ##...####..###
## ......# #...# ###..###
##. ......# ##@.#
#.#...###.. ......# #..Y#
####...#... .....##
##..## ##...... ....##
#...# ##..... ...## #...#
##.... ..## #..## ##P..
.## #..## ###| ## #...#
## #..## #


You could see a death yak.

Vanquished Creatures
  A two-headed ogre (D:7)
  2 death yaks (Lair:1)
  Joseph (D:8)
  2 komodo dragons (Lair:1)
  A shadow (D:8)
  11 yaks
  4 water moccasins
  A porcupine (Lair:1)
  Duvessa (D:7)
  A black bear (D:7)
  A sky beast (D:5)
  3 ogres
  A centaur (D:8)
  2 phantoms (D:8)
  A crocodile (Lair:1)
  Blork the orc (D:6)
  2 big kobolds
  2 bullfrogs
  Dowan (D:7)
  A water moccasin zombie (D:8)
  12 killer bees
  A wight (D:8)
  3 howler monkeys (D:8)
  7 crimson imps
  A jelly (D:7)
  A quasit (D:6)
  A bullfrog skeleton (D:4)
  4 hounds
  4 orc priests
  5 orc wizards
  A centaur skeleton (D:8)
  Natasha (thrice) (D:2)
  5 iguanas
  3 worker ants
  A hound skeleton (D:6)
  A worker ant zombie (D:8)
  15 adders
  5 gnolls
  2 howler monkey skeletons
  2 shadow imps
  An adder zombie (D:7)
  An ooze (D:2)
  2 adder skeletons
  2 worms
  3 dart slugs (D:1)
  7 leopard geckos
  22 orcs
  6 giant cockroaches
  7 goblins
  9 hobgoblins
  37 jackals
  2 quokkas
  7 ball pythons
  13 bats
  8 frilled lizards
  18 kobolds
  A leopard gecko zombie (D:5)
  7 rats
  A fungus (Lair:1)
  5 plants
276 creatures vanquished.

Vanquished Creatures (others)
  A fungus (Lair:1)
  2 plants
3 creatures vanquished.

Grand Total: 279 creatures vanquished

Notes
Turn   | Place    | Note
-------+----------+-------------------------------------------
     0 | Abyss:1  | mmigdal the Demonspawn Abyssal Knight began the quest for the Orb.
     0 | Abyss:1  | Reached XP level 1. HP: 18/18 MP: 2/2
   101 | Abyss:2  | Noticed a bone dragon
   114 | Abyss:2  | Got a pair of slimy gloves
   115 | D:1      | Escaped the Abyss
   140 | D:1      | Identified the cursed +0 pair of gloves of Resourcefulness {Dex+3} (You found it on level 2 of the Abyss)
   295 | D:1      | Reached skill level 2 in Long Blades
   295 | D:1      | Gained mutation: You are partially covered in slimy green scales. (AC +2) [demonic ancestry]
   295 | D:1      | Reached XP level 2. HP: 17/24 MP: 3/3
   423 | D:1      | Reached * piety under Lugonu
   555 | D:1      | Gained mutation: You sometimes gain a little power by taking damage. [demonic ancestry]
   555 | D:1      | Reached XP level 3. HP: 29/29 MP: 3/5
   592 | D:1      | Reached skill level 1 in Dodging
  1381 | D:2      | Gained mutation: You have sharp toenails. [demonic ancestry]
  1381 | D:2      | Reached XP level 4. HP: 20/35 MP: 6/6
  1528 | D:2      | Reached ** piety under Lugonu
  1528 | D:2      | Reached skill level 3 in Long Blades
  1586 | D:2      | Noticed Natasha
  1598 | D:2      | Killed Natasha
  1636 | D:2      | Found a shattered altar of Ashenzari.
  1666 | D:2      | Noticed Natasha
  1738 | D:2      | Killed Natasha
  1738 | D:2      | Gained mutation: You have razor-sharp toenails. [demonic ancestry]
  1738 | D:2      | Reached XP level 5. HP: 32/41 MP: 7/7
  1832 | D:2      | Found an ancient bone altar of Kikubaaqudgha.
  1835 | D:2      | Found a deep blue altar of Sif Muna.
  1837 | D:2      | Found a radiant altar of Vehumet.
  1841 | D:2      | Identified Vehumet's Catalogue of Attacks
  1846 | D:2      | Learned a level 1 spell: Magic Dart
  1922 | D:2      | Noticed Natasha
  1935 | D:2      | Killed Natasha
  2096 | D:2      | Reached skill level 4 in Long Blades
  2587 | D:2      | Found a blossoming altar of Fedhas.
  2747 | D:3      | Found a glowing drain.
  2849 | Sewer    | Entered a sewer
  3022 | Sewer    | Reached *** piety under Lugonu
  3023 | Sewer    | Reached XP level 6. HP: 36/48 MP: 8/8
  4314 | D:3      | Found a sacrificial altar of Ru.
  4314 | D:3      | Found a burning altar of Makhleb.
  4316 | D:3      | Found a white marble altar of Elyvilon.
  4460 | D:3      | Learned a level 2 spell: Poisonous Vapours
  4474 | D:3      | Found a shadowy altar of Dithmenos.
  4758 | D:4      | Reached skill level 1 in Conjurations
  5132 | D:4      | Found a sacrificial altar of Ru.
  5521 | D:4      | Found a glowing silver altar of Zin.
  5521 | D:4      | Noticed an angel
  5545 | D:4      | Learned a level 1 spell: Apportation
  5602 | D:5      | Entered Level 5 of the Dungeon
  5610 | D:5      | Noticed a sky beast
  5622 | D:5      | Killed a sky beast
  5622 | D:5      | Gained mutation: You are mostly covered in slimy green scales. (AC +3) [demonic ancestry]
  5622 | D:5      | Reached XP level 7. HP: 34/54 MP: 7/9
  5818 | D:5      | Reached skill level 1 in Spellcasting
  5866 | D:5      | Reached skill level 1 in Stealth
  6442 | D:5      | Noticed a yak
  6443 | D:5      | Noticed a yak
  6445 | D:5      | Noticed a yak
  6447 | D:5      | Noticed a yak
  6448 | D:5      | Noticed a yak
  6449 | D:5      | Noticed a yak
  6483 | D:5      | Killed a yak
  6483 | D:5      | Reached skill level 5 in Long Blades
  6497 | D:4      | Killed a yak
  6497 | D:4      | Gained mutation: You sometimes gain power by taking damage. [demonic ancestry]
  6497 | D:4      | Reached XP level 8. HP: 22/61 MP: 10/10
  6568 | D:5      | Reached skill level 1 in Throwing
  6593 | D:5      | Reached skill level 5 in Fighting
  6593 | D:5      | Reached skill level 6 in Long Blades
  6593 | D:5      | Reached skill level 1 in Shields
  7271 | D:6      | Reached **** piety under Lugonu
  7304 | D:6      | Found a sparkling altar of Nemelex Xobeh.
  7425 | D:6      | Noticed Blork the orc
  7438 | D:6      | Killed Blork the orc
  7438 | D:6      | Reached skill level 1 in Air Magic
  7742 | D:6      | Gained mutation: You have claws for feet. [demonic ancestry]
  7742 | D:6      | Reached XP level 9. HP: 62/68 MP: 10/12
  7912 | D:6      | Reached skill level 7 in Long Blades
  8439 | D:7      | Found Utanejuo's Antique Weapon Shoppe.
  8542 | D:7      | Reached skill level 1 in Poison Magic
  8700 | D:7      | Found a staircase to the Ecumenical Temple.
  8842 | D:7      | Noticed Dowan
  8846 | D:7      | Noticed Duvessa
  8867 | D:7      | Killed Duvessa
  8886 | D:7      | Killed Dowan
  9599 | D:7      | Gained mutation: You possess an exceptional clarity of mind. [potion of mutation]
  9599 | D:7      | Gained mutation: You are dopey. (Int -2) [potion of mutation]
  9599 | D:7      | Gained mutation: You have a beak for a mouth. [potion of mutation]
  9600 | D:7      | Lost mutation: You are dopey. (Int -2) [potion of mutation]
  9600 | D:7      | Lost mutation: You possess an exceptional clarity of mind. [potion of mutation]
  9600 | D:7      | Lost mutation: You have a beak for a mouth. [potion of mutation]
  9600 | D:7      | Gained mutation: Armour fits poorly on your strangely shaped body. [potion of mutation]
  9600 | D:7      | Gained mutation: You are completely covered in slimy green scales. (AC +4, rPois) [potion of mutation]
  9600 | D:7      | Gained mutation: You are somewhat resistant to further mutation. [potion of mutation]
  9646 | D:8      | Found a staircase to the Lair.
  9669 | Lair:1   | Entered Level 1 of the Lair of Beasts
  9671 | Lair:1   | Corrupted Lair:1
  9671 | Lair:1   | Noticed a worldbinder
  9671 | Lair:1   | Noticed an apocalypse crab
  9671 | Lair:1   | Noticed a large abomination
  9671 | Lair:1   | Noticed a sixfirhy
  9671 | Lair:1   | Noticed a large abomination
  9671 | Lair:1   | Noticed a tentacled starspawn
  9671 | Lair:1   | Noticed a hellion
  9671 | Lair:1   | Noticed an efreet
  9673 | Lair:1   | Noticed a tentacled starspawn
  9675 | Lair:1   | Noticed a large abomination
  9677 | Lair:1   | Noticed a smoke demon
  9688 | Lair:1   | Noticed a deep elf sorcerer
  9842 | D:8      | Reached skill level 1 in Slings
  9892 | D:8      | Noticed Joseph
  9914 | D:8      | Killed Joseph
 10058 | D:8      | Reached skill level 5 in Armour
 10079 | D:8      | Reached XP level 10. HP: 52/76 MP: 14/14
 10238 | D:8      | Found Syiryloang's Weapon Emporium.
 10397 | D:8      | Reached skill level 8 in Long Blades
 10804 | D:8      | Noticed a two-headed ogre
 10949 | D:7      | Killed a two-headed ogre
 11225 | Lair:1   | Noticed a spatial maelstrom
 11727 | Lair:1   | Reached skill level 9 in Long Blades
 11827 | Lair:1   | Noticed a five-headed hydra
 11907 | Lair:1   | Banished a six-headed hydra
 12375 | Lair:1   | Got a steaming plate armour
 12637 | Lair:1   | Identified the +2 plate armour "Aseor" {rF- rCorr Str+3 Int+7 Slay-4} (You found it on level 1 of the Lair of Beasts)
 12704 | Lair:2   | Noticed a death yak
 12704 | Lair:2   | Noticed a death yak
 12704 | Lair:2   | Noticed a death yak
 12704 | Lair:2   | Noticed a death yak
 12704 | Lair:2   | Noticed a death yak
 12706 | Lair:2   | Noticed a death yak
 12731 | Lair:1   | Killed a death yak
 12731 | Lair:1   | Gained mutation: You are powered by pain. [demonic ancestry]
 12731 | Lair:1   | Reached XP level 11. HP: 29/84 MP: 15/15
 12886 | Lair:1   | Killed a death yak
 12886 | Lair:1   | Reached skill level 5 in Dodging
 12943 | Lair:1   | Slain by a death yak

Skill      XL: |  1  2  3  4  5  6  7  8  9 10 11 |
---------------+----------------------------------+-----
Long Blades    | 2 3 4 5 6 7 9 |  9.4
Dodging        | 1 2 3 4 5 |  5.0
Armour         | 2 3 4 5 6 |  6.0
Conjurations   | 1 2 |  2.3
Fighting       | 4 5 6 7 |  7.1
Spellcasting   | 1 2 3 |  3.2
Stealth        | 1 2 |  2.2
Throwing       | 1 2 |  2.5
Shields        | 1 2 3 |  3.2
Air Magic      | 1 2 |  2.1
Invocations    | 3 4 |  4.5
Poison Magic   | 1 |  1.6
Slings         | 2 3 |  3.6

Action                   |  1- 3 |  4- 6 |  7- 9 | 10-12 || total
-------------------------+-------+-------+-------+-------++-------
Melee: Falchion          |   129 |   380 |   517 |   281 ||  1307
       Kick              |       |   140 |   137 |   124 ||   401
 Fire: Hunting sling     |       |       |    42 |    23 ||    65
Throw: Stone             |       |    11 |    72 |       ||    83
 Cast: Magic Dart        |       |    15 |    24 |       ||    39
       Poisonous Vapours |       |     2 |     7 |     2 ||    11
Invok: Depart the Abyss  |     1 |       |       |       ||     1
       Corrupt           |       |       |     1 |       ||     1
       Banish            |       |       |       |     3 ||     3
  Use: Scroll            |     2 |     9 |     5 |     2 ||    18
       Potion            |       |       |     2 |     2 ||     4
  Eat: Chunk             |     2 |    10 |     7 |     2 ||    21
       Bread ration      |       |     2 |     1 |       ||     3
       Meat ration       |       |       |     1 |     1 ||     2
       Royal jelly       |       |       |       |     1 ||     1
       Fruit             |       |       |       |     1 ||     1
Armor: Leather armour    |    77 |    19 |       |       ||    96
       Ring mail         |       |    79 |   208 |    67 ||   354
Dodge: Dodged            |    99 |   134 |   257 |   138 ||   628
Block: Buckler           |       |     6 |   103 |    43 ||   152
       Rpst.: Falchion   |    25 |    47 |    73 |    41 ||   186
